 Dungeon Crawl Stone Soup version 0.31-a0-1165-g196b491b36 (webtiles) character file.

Game seed: 17544424036897346797

126 Lobster4 the Conjurer (level 5, -1/38 HPs)
             Began as a Human Conjurer on Dec 9, 2023.
             Slain by Ijyb
             ... wielding a +0 club
              (4 damage)
             ... while paralysed by Ijyb
             ... on level 3 of the Dungeon on Dec 10, 2023.
             The game lasted 00:07:45 (4035 turns).

Lobster4 the Conjurer (Human Conjurer)              Turns: 4035, Time: 00:07:45

Health: -1/38      AC:  3    Str:  7    XL:     5   Next: 31%
Magic:  6/9        EV:  2    Int: 20    God:
Gold:   150        SH:  0    Dex: 12    Spells: 6/9 levels left

rFire   . . .        s - +0 rapier
rCold   . . .        (no shield)
rNeg    . . .        a - +0 robe
rPois   .            v - +0 helmet
rElec   .            (no cloak)
rCorr   .            (no gloves)
SInv    .            (no boots)
Will    .....        (no amulet)
Stlth   ++           (no ring)
HPRegen 0.26/turn    (no ring)
MPRegen 0.11/turn

%: no passive effects
@: paralysed
A: no striking features
a: no special abilities


You were on level 3 of the Dungeon.
You visited 1 branch of the dungeon, and saw 3 of its levels.

You collected 150 gold pieces.

Inventory:

Hand Weapons
 e - a +0 whip
 i - a +0 short sword
 s - a +0 rapier (weapon)
 u - a +2 falchion of electrocution
Missiles
 g - 14 stones
 o - 3 atropa-tipped darts
 r - 5 datura-tipped darts
Armour
 a - a +0 robe (worn)
 v - a +0 helmet (worn)
Jewellery
 f - an amulet of the acrobat
Scrolls
 c - a scroll of revelation {unknown}
 d - 2 scrolls of immolation {unknown}
 h - a scroll of vulnerability {unknown}
 l - a scroll of identify {unknown}
 m - a scroll of brand weapon {unknown}
 x - a scroll of enchant weapon {unknown}
Potions
 j - 3 potions of enlightenment {unknown}
 k - a potion of brilliance {unknown}
 n - a potion of heal wounds {unknown}
 p - a potion of curing {unknown}
 q - a potion of attraction {unknown}
 t - a potion of degeneration {unknown}
 w - a potion of ambrosia {unknown}


   Skills:
 + Level 1.7 Fighting
 + Level 0.1 Short Blades
 + Level 0.1 Throwing
 + Level 1.7 Armour
 + Level 2.7 Dodging
 - Level 2.0 Stealth
 + Level 2.7 Spellcasting
 + Level 4.5 Conjurations


You had 6 spell levels left.
You knew the following spells:

 Your Spells              Type           Power      Damage    Failure   Level
a - Magic Dart            Conj           80%        1d7       2%          1
b - Searing Ray           Conj           40%        2d5       3%          2

Your spell library contained the following spells:

 Spells                   Type           Power      Damage    Failure   Level
 Kiss of Death            Conj/Necr      44%        2d8       6%          1
 Freeze                   Ice            8%         1d3       14%         1
 Summon Small Mammal      Summ           8%         N/A       14%         1
 Dazzling Flash           Conj/Hex       22%        N/A       17%         3
 Hailstorm                Conj/Ice       11%        3d6       17%         3
 Call Canine Familiar     Summ           2%         N/A       41%         3
 Confusing Touch          Hex            2%         N/A       41%         3
 Frozen Ramparts          Ice            4%         1d1       41%         3
 Summon Guardian Golem    Hex/Summ       2%         N/A       41%         3
 Fulminant Prism          Conj/Hex       5%         3d6       50%         4
 Iskenderun's Mystic Bla  Conj/Tloc      11%        2d4       50%         4
 Dispel Undead            Necr           2%         3d7       82%         4


Dungeon Overview and Level Annotations

Branches:
Dungeon (3/15)

Altars:
Sif Muna
Xom

Shops:
D:2 *

Annotations:
D:1 1 exclusion
D:3 Ijyb


Message History

Ijyb is heavily wounded.
Ijyb hits you with a +0 club.
You closely miss Ijyb.
Ijyb is heavily wounded.
Ijyb hits you with a +0 club.
Casting: Searing Ray (safe; 3% risk of failure)
Confirm with . or Enter, or press ? or * to list all spells.
Aiming: Searing Ray (safe; 3% risk of failure)
Press: ? - help, Shift-Dir - straight line, f/p - Ijyb
Aim: Ijyb, wielding a +0 club, wearing a +0 scale mail and carrying a wand of paralysis (heavily wounded, 75% to hit)
The searing ray hits Ijyb but does no damage.
Ijyb is heavily wounded. (Press . to maintain the ray.) Ijyb hits you with a +0 club.
* * * LOW HITPOINT WARNING * * *
You aren't carrying any items that you can evoke.
Unknown command.
Magic courses through your body.
Ijyb zaps a wand.
You suddenly lose the ability to move!
Ijyb hits you with a +0 club.
* * * LOW HITPOINT WARNING * * *
You can move again.
Casting: Searing Ray (safe; 3% risk of failure)
Confirm with . or Enter, or press ? or * to list all spells.
Aiming: Searing Ray (safe; 3% risk of failure)
Press: ? - help, Shift-Dir - straight line, f/p - Ijyb
Aim: Ijyb, wielding a +0 club, wearing a +0 scale mail and carrying a wand of paralysis (heavily wounded, 75% to hit)
The searing ray hits Ijyb but does no damage.
Ijyb is heavily wounded. (Press . to maintain the ray.) Ijyb screams, "Me kill you!"
Ijyb hits you with a +0 club.
* * * LOW HITPOINT WARNING * * *
The searing ray hits Ijyb but does no damage.
Ijyb is heavily wounded.
Ijyb zaps a wand.
You suddenly lose the ability to move!
Ijyb hits you with a +0 club.
* * * LOW HITPOINT WARNING * * *
Ijyb hits you with a +0 club.
You die...

###.....#
#####.#
#.## #..#
##.## #
#..# .#
##.###.#
#.#.g.#
#..@#
##>...#
####.# .#
#


You could see Ijyb.

Vanquished Creatures
  Robin (D:3)
  4 adders (D:2)
  2 worms (D:2)
  4 dart slugs
  2 ball pythons (D:1)
  5 endoplasms (D:1)
  A giant cockroach (D:1)
  12 goblins
  8 hobgoblins
  2 quokkas
  4 bats
  7 frilled lizards
  5 kobolds
  A rat (D:1)
  A spectral hobgoblin (D:2)
59 creatures vanquished.

Vanquished Creatures (collateral kills)
  A goblin (D:3)
  A hobgoblin (D:3)
2 creatures vanquished.

Vanquished Creatures (others)
  A hobgoblin (D:3)
1 creature vanquished.

Grand Total: 62 creatures vanquished

Notes
Turn   | Place    | Note
-------+----------+-------------------------------------------
     0 | D:1      | Lobster4 the Human Conjurer began the quest for the Orb.
     0 | D:1      | Reached XP level 1. HP: 13/13 MP: 3/3
   123 | D:1      | Reached XP level 2. HP: 20/20 MP: 1/5
   169 | D:1      | Learned a level 2 spell: Searing Ray
   170 | D:1      | You fall into a shaft and drop 1 floor!
   412 | D:2      | Found a faded altar of an unknown god.
   433 | D:2      | Found a shimmering blue altar of Sif Muna.
   524 | D:1      | Reached XP level 3. HP: 25/25 MP: 4/6
   809 | D:1      | Reached skill level 1 in Armour
   832 | D:1      | Found the +3 warlock's mirror {omnireflect}
   920 | D:1      | Reached skill level 1 in Fighting
  2100 | D:1      | Reached XP level 4. HP: 32/32 MP: 5/7
  2344 | D:2      | Found Jienuleept's Assorted Antiques.
  3161 | D:3      | Found a shimmering altar of Xom.
  3185 | D:3      | Noticed Robin
  3260 | D:3      | Reached XP level 5. HP: 36/37 MP: 6/8
  3701 | D:3      | Killed Robin
  4008 | D:3      | Noticed Ijyb
  4023 | D:3      | Paralysed by Ijyb for 2 turns
  4030 | D:3      | Paralysed by Ijyb for 2 turns
  4033 | D:3      | Paralysed by Ijyb for 3 turns
  4035 | D:3      | Slain by Ijyb

Illustrated notes

Levels and vault maps discovered:
D:1:      dpeg_arrival_tiny_f, layout_basic, minmay_misc_feat_four_crosses,
          minmay_surrounded
D:2:      layout_basic, dreamdust_ecumenical_altar_drowned_temple, serial_shops,
          nicolae_shop_gibbet_a_chance, basic_altar
D:3:      wad_river_or_something, layout_basic, lemuel_crystal_altar,
          grunt_ministairs_12, uniq_ijyb, uniq_robin

Skill      XL: |  1  2  3 |
---------------+----------+-----
Armour         | 1 |  1.7
Fighting       | 1 |  1.7
Short Blades   | |  0.1
Throwing       | |  0.1
Dodging        | |  2.7
Stealth        | |  2.0
Spellcasting   | |  2.7
Conjurations   | |  4.5

Action                     |  1- 3 |  4- 6 || total
---------------------------+-------+-------++-------
  Melee: Short sword       |       |     7 ||     7
         Rapier            |       |     4 ||     4
  Throw: Dart              |       |     3 ||     3
   Cast: Magic Dart        |    54 |    50 ||   104
         Searing Ray       |     1 |    13 ||    14
    Use: Potion            |       |     1 ||     1
 Armour: Robe              |     3 |    30 ||    33
  Dodge: Dodged            |     1 |    18 ||    19

Table legend: (Time is in decaauts)
 A = Elapsed time spent in this place.
 B = Non-inter-level travel time spent in this place.
 C = Inter-level travel time spent in this place.
 D = Time resting spent in this place.
 E = Time spent auto-exploring this place.
 F = Levels seen in this place.
 G = Mean time per level.
                   A        B        C        D        E       F      G
               +--------+--------+--------+--------+--------+-----+--------+
         Total |   4043 |   3789 |    254 |    486 |   2793 |   3 | 1347.7 |
       Dungeon |   4043 |   3789 |    254 |    486 |   2793 |   3 | 1347.7 |
               +--------+--------+--------+--------+--------+-----+--------+

Top non-repeatable levels by time:
     D:1: 1864 daAuts
     D:2: 1538 daAuts
     D:3: 640 daAuts
